AoeStats
← MXTS | FiredLand

Arabia

507742524Analyzed
3v3 RM · 13d ago on Sep 19, 2026· 20m 38s· 6 players
Game mode
Random Map
Map size
Normal (6 player)
Population
200
Speed
Normal
Resources
Standard
Victory
Conquest
Starting age
Dark Age
Ending age
Imperial Age
RankedLock teamsTeams togetherTeam positionsShared explorationLock speedFull tech treeHidden civsTurbo modeCheats
Victory
Defeat
🇧🇴 Persians · Bolivia
1502
+10
🇲🇽 Tatars · Mexico
1499
+11
🇪🇸 Ethiopians · Spain
1332
+17
🇪🇸 Tatars · Spain
1398
-14
🇫🇮 Magyars · Finland
1364
-12
🇺🇸 Muisca · United States
1350
-12
7777777
5:17 Loom
9:39 Feudal Age
10:43 Double-Bit Axe
10:41 Horse Collar
12:38 Bloodlines
19:07 Scale Barding Armor
ztarug93
7:44 Loom
10:17 Feudal Age
11:02 Double-Bit Axe
18:25 Fletching
19:34 Padded Archer Armor
genghis bong
6:33 Loom
9:26 Feudal Age
13:59 Double-Bit Axe
14:14 Horse Collar
17:17 Fletching
18:12 Padded Archer Armor
MXTS | FiredLand
3:46 Loom
10:44 Feudal Age
11:16 Man-at-Arms
11:53 Double-Bit Axe
14:04 Town Watch
15:16 Fletching
17:59 Padded Archer Armor
20:57 Horse Collar
MXTS | Bl4cK
4:48 Loom
10:25 Feudal Age
12:08 Double-Bit Axe
12:18 Fletching
12:29 Padded Archer Armor
18:21 Wheelbarrow
MXTS | RazMM
6:28 Loom
8:52 Feudal Age
9:25 Double-Bit Axe
9:32 Horse Collar
13:09 Scale Barding Armor
Connection lost

Rejoining the realm…

Still unreachable

The connection could not be restored.

Session expired

The server has moved on; the page needs a fresh start.